 Dungeon Crawl Stone Soup version 0.32-a0-899-geb5ba95c15 (webtiles) character file.

Game seed: 11545728712782472312

137661 Ajdolov the Eclecticist (level 16, -9/109 HPs)
             Began as a Mummy Alchemist on Apr 5, 2024.
             Was an Initiate of Gozag.
             Mangled by a faun
             ... wielding a +0 club
             ... led by a satyr
              (20 damage)
             ... on level 3 of the Shoals.
             The game lasted 01:26:21 (43759 turns).

Ajdolov the Eclecticist (Mummy Alchemist)          Turns: 43759, Time: 01:26:22

Health: -9/109     AC: 14    Str: 11    XL:     16   Next: 69%
Magic:  4/37       EV: 11    Int: 28    God:    Gozag
Gold:   4911       SH:  0    Dex: 13    Spells: 10/49 levels left

rFire   . . .        l - staff of cold
rCold   + + .        (no shield)
rNeg    + + +        n - +2 robe {rF+}
rPois   ∞            o - +2 hat
rElec   +            K - +1 cloak {Will+}
rCorr   .            H - +2 pair of gloves
SInv    .            s - +2 pair of boots
Will    ++++.        v - amulet of regeneration
Stlth   ++           w - ring of wizardry
HPRegen 1.18/turn    C - ring of Tuypnul {rElec Will+ Int+6}
MPRegen 0.25/turn

%: faith, wizardry (x1)
@: gold aura, very slightly contaminated
A: cold resistance 1, negative energy resistance 3, torment resistance 2, heat
vulnerability 1, in touch with death 2, no potions, faith
a: Renounce Religion, Potion Petition, Call Merchant, Bribe Branch


You were on level 3 of the Shoals.
You worshipped Gozag.
Gozag was most pleased with you.
You visited 5 branches of the dungeon, and saw 26 of its levels.

You collected 8878 gold pieces.
You spent 1136 gold pieces at shops.
You paid 2831 gold pieces to Gozag.

Inventory:

Missiles
 b - a throwing net
 u - a curare-tipped dart
Armour
 n - a +2 robe of fire resistance (worn)
 o - a +2 hat (worn)
 s - a +2 pair of boots (worn)
 H - a +2 pair of gloves (worn)
 K - a +1 cloak of willpower (worn)
Magical Staves
 l - a staff of cold (weapon)
Jewellery
 f - a ring of flight
 v - an amulet of regeneration (around neck)
 w - a ring of wizardry (left hand)
 y - the ring of Qaivel {*Slow Str+5 Int+4 SInv}
   (You found it on level 3 of the Lair of Beasts)

   [ring of see invisible]

   Str+5:     It affects your strength (+5).
   Int+4:     It affects your intelligence (+4).
   SInv:      It lets you see invisible.
   *Slow:     It may slow you when you take damage.
 C - the ring of Tuypnul (right hand) {rElec Will+ Int+6}
   (You acquired it on level 4 of the Lair of Beasts)

   [ring of intelligence]

   Int+6:     It affects your intelligence (+6).
   rElec:     It insulates you from electricity.
   Will+:     It increases your willpower.
 G - a ring of see invisible
 J - a ring of resist corrosion
 L - a ring of wizardry
Wands
 p - a wand of paralysis (21)
 x - a wand of mindburst (17)
 z - a wand of roots (11)
 A - a wand of digging (13)
 B - a wand of flame (8)
 D - a wand of quicksilver (3)
 M - a wand of polymorph (2)
Scrolls
 a - 9 scrolls of identify
 c - 2 scrolls of silence
 d - 6 scrolls of fear
 e - 13 scrolls of teleportation
 g - a scroll of vulnerability
 h - 3 scrolls of blinking
 i - 2 scrolls of poison
 j - 8 scrolls of fog
 k - a scroll of enchant armour
 m - 7 scrolls of revelation
 q - 4 scrolls of amnesia
 r - a scroll of enchant weapon
 t - 7 scrolls of brand weapon
 E - 3 scrolls of torment
 F - a scroll of noise
 I - 3 scrolls of immolation


   Skills:
 - Level 5.0 Fighting
 - Level 1.5 Dodging
 - Level 1.5 Stealth
 + Level 17.1 Spellcasting
 - Level 5.0 Conjurations
 - Level 5.0 Hexes
 - Level 8.0 Necromancy
 - Level 10.0 Fire Magic
 + Level 10.1 Ice Magic
 - Level 7.0 Air Magic
 + Level 10.1 Earth Magic
 - Level 8.0 Alchemy
 + Level 5.7 Evocations


You had 10 spell levels left.
You knew the following spells:

 Your Spells              Type           Power      Damage    Failure   Level
a - Sting                 Conj/Alch      100%       1d9       1%          1
b - Mercury Vapours       Alch/Air       100%       N/A       1%          2
c - Olgreb's Toxic Radia  Alch           62%        N/A       1%          4
d - Mephitic Cloud        Conj/Alch/Air  57%        N/A       1%          3
e - Tukima's Dance        Hex            51%        N/A       1%          3
f - Sticky Flame          Fire/Alch      65%        2d11      1%          4
g - Borgnjor's Vile Clut  Necr/Erth      53%        N/A       1%          5
h - Permafrost Eruption   Ice/Erth       44%        2x4d10    1%          6
i - Irradiate             Conj/Alch      28%        3d21      1%          5
j - Plasma Beam           Fire/Air       32%        2x1d45    3%          6

Your spell library contained the following spells:

 Spells                   Type           Power      Damage    Failure   Level
 Foxfire                  Conj/Fire      100%       2x1d9     1%          1
 Freeze                   Ice            100%       1d10      1%          1
 Lesser Beckoning         Tloc           48%        N/A       1%          2
 Frozen Ramparts          Ice            100%       1d16      1%          3
 Hailstorm                Conj/Ice       79%        3d13      1%          3
 Passwall                 Erth           69%        N/A       1%          3
 Volatile Blastmotes      Fire/Tloc      100%       2d18      1%          3
 Fulminant Prism          Conj/Alch      28%        3d13      1%          4
 Leda's Liquefaction      Alch/Erth      33%        N/A       1%          4
 Petrify                  Alch/Erth      66%        N/A       1%          4
 Vhi's Electric Charge    Tloc/Air       86%        N/A       1%          4
 Alistair's Intoxication  Alch           41%        N/A       1%          5
 Lee's Rapid Deconstruct  Erth           34%        3d17*     1%          5
 Yara's Violent Unravell  Hex/Alch       28%        3d12      1%          5
 Maxwell's Portable Pile  Tloc           24%        2d(7-20)  2%          3
 Teleport Other           Tloc           24%        N/A       2%          3
 Iskenderun's Mystic Bla Conj/Tloc 38%            2d9        (+2d4     2%          4
 Eringya's Noxious Bog    Alch           31%        4d6       4%          6
 Bombard                  Conj/Erth      30%        9d5       5%          6
 Starburst                Conj/Fire      30%        6d9       6%          6
 Passage of Golubria      Tloc           24%        N/A       8%          4
 Sublimation of Blood     Necr           Unusable   N/A       N/A         2

Dungeon Overview and Level Annotations

Branches:
Dungeon (15/15)            Temple (1/1) D:6            Lair (5/5) D:8
 Shoals (3/4) Lair:2       Spider (0/4) Lair:3        Slime (0/5) Lair:5
    Orc (2/2) D:9             Elf (0/3) Orc:2        Vaults (0/5) D:13
 Depths (0/4) D:15

Altars:
Ashenzari
Cheibriados
Dithmenos
Fedhas
Gozag
Hepliaklqana
Kikubaaqudgha
Makhleb
Nemelex Xobeh
Okawaru
Qazlal
Ru
Sif Muna
Trog
Uskayaw
Vehumet
Wu Jian
Xom
Yredelemnul
Jiyva
Lugonu

Shops:
D:8 [:   D:10 ?   D:13 =   Orc:2 (=!!(

Portals:
Abyss: Shoals:2
Trove: D:10 (give +4 demon blade)

Annotations:
D:3 Grinder
D:5 exclusion: ice beast
D:6 1 runed translucent door, Blork the orc, Crazy Yiuf
D:13 3 runed translucent doors, Bybewuof's ghost, journeyman DjFE
Lair:5 2 runed translucent doors
Shoals:2 1 runed translucent door, Roxanne
Orc:2 1 runed translucent door, Merkmiralles's ghost, journeyman MiBe


Innate Abilities, Weirdness & Mutations

You are immune to poison.
Your flesh is cold resistant. (rC+)
You are immune to negative energy. (rN+++)
You are immune to unholy pain and torment.
You are vulnerable to heat. (rF-)
You are strongly in touch with the powers of death.
You do not drink.
You have a special connection with the divine. (Faith)


Message History

The faun shouts!
Piercing cold boils outward!
The piercing cold hits the faun!!
The faun is almost dead.
You hear a shout! x3
The faun unwields a +0 spear.
The faun wields a +0 sling.
The faun shoots a sling bullet.
The sling bullet hits you.
A satyr and a faun come into view.
The satyr is wielding a +2 quarterstaff of distortion.
The satyr shouts!
The satyr plays a rousing melody on its pipes!
The fauns go into a battle-frenzy!
A satyr comes into view. It is wielding a +0 spear.
The faun unwields a +0 club.
The faun wields a +0 sling.
The faun shoots a sling bullet.
The sling bullet barely misses you.
You see here a +0 trident.
A faun comes into view. It is wielding a +0 spear.
The faun shouts!
The satyr unwields a +2 quarterstaff of distortion.
Its appearance distorts for a moment.
The satyr wields a +0 longbow.
The satyr shoots an arrow.
The arrow hits you!!
The faun unwields a +0 sling.
The faun wields a +0 spear.
The faun hits you with a +0 spear!
The satyr unwields a +0 spear.
The satyr wields a +0 heavy longbow.
The satyr shoots an arrow.
The arrow hits you!!
Casting: Permafrost Eruption (dangerous; 1% risk of failure)
Confirm with . or Enter, or press ? or * to list all spells.
You erupt in a fountain of uncontrolled magic!
The faun is blasted with magical radiation.
The faun is lightly wounded.
The satyr is blasted with magical radiation!!
The satyr is moderately wounded.
The satyr twists and deforms.
The faun is blasted with magical radiation!!!
You kill the faun!
You are very lightly contaminated with residual magic.
The satyr shoots an arrow.
The arrow hits you!!
* * * LOW HITPOINT WARNING * * *
The faun unwields a +0 sling.
The faun wields a +0 club.
The faun hits you with a +0 club!!
You die...
Your body crumbles into a pile of gold.

≈≈≈≈≈≈~.....# ##..~~≈≈≈≈
≈≈≈≈≈≈~~....#####..~~~≈≈≈≈≈
≈≈≈≈≈≈≈~.#.........~~≈≈≈≈≈≈
≈≈≈≈≈≈≈~.#.)....~~~~~≈≈≈≈≈≈
≈≈≈≈≈~~.<.....~~~~~~≈≈≈≈≈≈≈
~~~~P~~(...<...~~~~~~≈≈≈≈≈≈
~.~~~~~~~~~.##.....~~~≈≈≈≈≈
.~~~~~~~~~~~.$).....~~≈≈≈≈≈
P~~~~~~~~~~~.@####..~~≈≈≈≈≈
~~....~~~~≈~.cc###...~~~~≈≈≈
..~~~.###.~~~~~.[##..$.....~~≈
..~~~. #.c.~~~......~.~...~~≈
..~~~.###...~~$.~..~~...~~~≈~~~.~[~
~~~~~^..!....~c~~~~~~~.......~
~~~~~~~~~........~~~~........~
≈≈≈~~~~~~~~~~~...~~~~.......~


You could see 2 satyrs and 3 fauns.

Vanquished Creatures
  Nikola (Shoals:1)
  Frances (D:14)
  A stone giant (D:15)
  A deep elf demonologist (Shoals:1)
  A war gargoyle (D:13)
  A deep elf annihilator (Shoals:1)
  Snorg (D:12)
  3 merfolk impalers
  2 ettins (D:13)
  2 merfolk javelineers
  A rakshasa (D:13)
  2 ogre magi (D:13)
  3 hydras
  An alligator snapping turtle (Shoals:1)
  2 centaur warriors
  A catoblepas (Lair:2)
  4 boulder beetles
  A merfolk avatar (Shoals:3)
  2 merfolk aquamancers
  19 two-headed ogres
  Erica (D:10)
  A deep troll earth mage (D:13)
  9 death yaks
  2 orc high priests (Orc:2)
  A deep elf knight (D:13)
  Urug (D:12)
  6 skysharks
  4 sea snakes
  2 deep elf archers
  7 skeletal warriors
  An orb spider (Lair:3)
  A lindwurm (Lair:5)
  3 deep elf zephyrmancers
  5 deep elf pyromancers
  11 harpies
  4 orc sorcerers (Orc:2)
  4 orc knights (Orc:2)
  A necromancer (D:13)
  An oklob plant (Lair:4)
  5 ugly things
  9 manticores
  A faun (Shoals:3)
  19 elephants
  5 cyclopes
  11 black mambas
  3 merfolk sirens (Shoals:2)
  4 kobold blastminers (Orc:2)
  An apocalypse crab (Shoals:2)
  3 water nymphs
  3 gargoyles
  2 molten gargoyles
  A torpor snail (Lair:5)
  15 cane toads
  An unseen horror (D:10)
  A yaktaur (D:13)
  4 rime drakes
  9 komodo dragons
  A tengu conjurer (D:13)
  Psyche (D:12)
  19 merfolk
  4 polar bears
  2 trolls
  A hornet (D:8)
  3 wind drakes
  15 blink frogs
  15 dream sheep
  A raiju (shapeshifter) (D:13)
  A slime creature (D:13)
  6 snapping turtles
  A centaur simulacrum (D:15)
  A vampire (D:11)
  Sigmund (D:4)
  3 wraiths
  A shadow (D:13)
  6 water elementals
  3 wyverns
  85 yaks
  3 steam dragons (Lair:5)
  3 basilisks
  Grum (D:8)
  7 vampire mosquitoes
  5 wargs
  Eustachio (D:4)
  An acid dragon (D:9)
  Edmund (D:5)
  5 hell hounds (Lair:5)
  17 water moccasins
  12 orc warriors
  3 black bears (Lair:2)
  2 sky beasts (D:7)
  4 laughing skulls
  27 wolves
  26 centaurs
  4 ogres
  2 kobold brigands
  5 scorpions
  6 bullfrogs
  14 killer bees
  8 electric eels
  2 jellies
  A bombardier beetle (D:5)
  6 lava snakes
  3 gnoll boudas
  19 orc priests
  5 hounds
  5 iguanas
  22 orc wizards
  10 gnolls
  8 adders
  A shadow imp (D:6)
  3 white imps
  2 ufetubi (D:5)
  A ribbon worm (D:3)
  58 orcs
  7 bats
  14 endoplasms
  5 giant cockroaches
  5 goblins
  8 hobgoblins
  2 quokkas (D:2)
  8 ball pythons
  3 frilled lizards
  19 kobolds
  9 rats
765 creatures vanquished.

Vanquished Creatures (others)
  An orc high priest (Orc:2)
1 creature vanquished.

Grand Total: 766 creatures vanquished

Notes
Turn   | Place    | Note
-------+----------+-------------------------------------------
     0 | D:1      | Ajdolov the Mummy Alchemist began the quest for the Orb.
     0 | D:1      | Reached XP level 1. HP: 13/13 MP: 4/4
   116 | D:1      | Reached skill level 3 in Spellcasting
   178 | D:1      | Reached XP level 2. HP: 19/19 MP: 3/6
   655 | D:1      | Reached XP level 3. HP: 18/24 MP: 2/8
  1124 | D:2      | Reached skill level 4 in Spellcasting
  1470 | D:2      | Reached XP level 4. HP: 30/30 MP: 6/10
  1548 | D:2      | Found a faded altar of an unknown god.
  1991 | D:3      | Noticed Grinder
  2233 | D:3      | Found a radiant altar of Vehumet.
  2233 | D:3      | Found a stormy altar of Qazlal.
  2308 | D:3      | Noticed an ogre
  2341 | D:3      | Killed an ogre
  2342 | D:3      | Reached skill level 5 in Spellcasting
  2342 | D:3      | Reached XP level 5. HP: 35/35 MP: 5/12
  3254 | D:4      | Identified the +4 ring mail of Wowky {rF+}
  3354 | D:4      | Learned a level 2 spell: Mercury Vapours
  3359 | D:4      | Learned a level 4 spell: Olgreb's Toxic Radiance
  3363 | D:4      | Learned a level 3 spell: Mephitic Cloud
  3393 | D:4      | Found a hide-covered altar of Uskayaw.
  3461 | D:4      | Noticed Eustachio
  3488 | D:4      | Killed Eustachio
  3489 | D:4      | Reached skill level 6 in Spellcasting
  3489 | D:4      | Reached XP level 6. HP: 38/41 MP: 1/15
  3647 | D:4      | Noticed Sigmund
  3736 | D:4      | Killed Sigmund
  3737 | D:4      | Reached skill level 5 in Alchemy
  3737 | D:4      | Reached XP level 7. HP: 46/46 MP: 7/17
  4184 | D:4      | Reached skill level 7 in Spellcasting
  4492 | D:5      | Entered Level 5 of the Dungeon
  4826 | D:5      | Reached skill level 8 in Spellcasting
  5077 | D:5      | Reached XP level 8. HP: 52/52 MP: 16/20
  5198 | D:5      | Noticed Edmund
  5219 | D:5      | Killed Edmund
  5312 | D:5      | Found a broken altar of Ashenzari.
  5932 | D:6      | Found a staircase to the Ecumenical Temple.
  5943 | Temple   | Entered the Ecumenical Temple
  5962 | Temple   | Became a worshipper of Gozag Ym Sagoz the Greedy
  6006 | D:6      | Noticed Blork the orc
  6276 | D:6      | Found a runed translucent door.
  6277 | D:6      | Noticed Crazy Yiuf
  6488 | D:6      | Reached skill level 1 in Fighting
  6966 | D:7      | Reached XP level 9. HP: 58/62 MP: 20/21
  7126 | D:7      | Reached skill level 9 in Spellcasting
  8298 | D:7      | Learned a level 3 spell: Tukima's Dance
  8299 | D:8      | Found a shadowy altar of Dithmenos.
  8338 | D:8      | Learned a level 4 spell: Sticky Flame
  8432 | D:8      | Reached skill level 1 in Evocations
  8527 | D:8      | Reached skill level 10 in Spellcasting
  8591 | D:8      | Noticed Grum
  8602 | D:8      | Reached skill level 5 in Fighting
  8788 | D:8      | Found Archanlau's Book Shop.
  9017 | D:8      | Found Zigiz's Antique Armour Boutique.
  9052 | D:8      | Found a staircase to the Lair.
  9124 | D:8      | Killed Grum
  9125 | D:8      | Reached skill level 5 in Evocations
  9125 | D:8      | Reached XP level 10. HP: 74/74 MP: 17/24
  9849 | D:9      | Reached skill level 1 in Hexes
  9849 | D:9      | Reached skill level 1 in Fire Magic
 10188 | D:9      | Found a staircase to the Orcish Mines.
 10212 | D:9      | Noticed a boulder beetle
 10301 | D:9      | Killed a boulder beetle
 10754 | Orc:1    | Entered Level 1 of the Orcish Mines
 10911 | Orc:1    | Noticed a two-headed ogre
 10918 | Orc:1    | Killed a two-headed ogre
 10919 | Orc:1    | Reached skill level 5 in Hexes
 11168 | D:8      | Bought Great Wizards, Vol. II for 456 gold pieces
 11174 | D:8      | Learned a level 5 spell: Borgnjor's Vile Clutch
 11250 | Orc:2    | Entered Level 2 of the Orcish Mines
 11335 | Orc:1    | Noticed an obsidian bat
 11393 | Orc:2    | Noticed a two-headed ogre
 11414 | Orc:2    | Killed a two-headed ogre
 11415 | Orc:2    | Reached skill level 1 in Necromancy
 11415 | Orc:2    | Reached skill level 1 in Earth Magic
 11415 | Orc:2    | Reached XP level 11. HP: 11/79 MP: 17/25
 11564 | Orc:2    | Found a staircase to the Elven Halls.
 11617 | Orc:2    | Reached skill level 5 in Fire Magic
 11617 | Orc:2    | Found a runed translucent door.
 12301 | Orc:2    | Noticed an orc sorcerer
 12316 | Orc:2    | Killed an orc sorcerer
 12413 | Orc:2    | Noticed an orc high priest
 12425 | Orc:2    | Killed an orc high priest
 12522 | Orc:2    | Noticed an orc knight
 12525 | Orc:2    | Noticed an orc sorcerer
 12533 | Orc:2    | Noticed an orc knight
 12533 | Orc:2    | Killed an orc sorcerer
 12549 | Orc:2    | Noticed an orc high priest
 12555 | Orc:2    | Noticed a sixfirhy
 12567 | Orc:2    | Reached skill level 5 in Necromancy
 12573 | Orc:2    | Killed an orc high priest
 12618 | Orc:2    | Killed an orc knight
 12619 | Orc:2    | Reached skill level 5 in Earth Magic
 12856 | Orc:2    | Killed an orc knight
 12952 | Orc:2    | Noticed an orc high priest
 12962 | Orc:2    | Killed an orc high priest
 13065 | Orc:2    | Noticed an orc knight
 13081 | Orc:2    | Killed an orc knight
 13185 | Orc:2    | Noticed an orc knight
 13199 | Orc:2    | Killed an orc knight
 13201 | Orc:2    | Noticed an orc sorcerer
 13209 | Orc:2    | Killed an orc sorcerer
 13371 | Orc:2    | Noticed an orc sorcerer
 13380 | Orc:2    | Killed an orc sorcerer
 13463 | Orc:2    | Found Fukier's Antique Weapon Emporium.
 13466 | Orc:2    | Found Hisonet's Distillery.
 13474 | Orc:2    | Found Laro's Jewellery Shop.
 13476 | Orc:2    | Found Sacsex's Distillery.
 13591 | Orc:2    | Found a bloodstained altar of Trog.
 13645 | Orc:2    | Found Ywnel's Antique Weapon Boutique.
 13724 | Orc:2    | Noticed Merkmiralles's ghost (journeyman MiBe)
 13869 | Lair:1   | Entered Level 1 of the Lair of Beasts
 13890 | Lair:1   | Reached skill level 11 in Spellcasting
 13964 | Lair:1   | Reached XP level 12. HP: 58/86 MP: 22/27
 14403 | Lair:1   | Identified a scroll of acquirement
 14404 | Lair:1   | Acquired a book of the Earth
 14413 | Lair:1   | Learned a level 6 spell: Permafrost Eruption
 14684 | Lair:1   | Reached skill level 1 in Ice Magic
 16252 | Orc:2    | Bought a ring of wizardry for 420 gold pieces
 16570 | Lair:2   | Found a staircase to the Shoals.
 17673 | Lair:2   | Reached skill level 5 in Ice Magic
 17926 | Lair:2   | Gained mutation: You are strongly in touch with the powers
                  | of death. [Mummy growth]
 17926 | Lair:2   | Reached XP level 13. HP: 78/91 MP: 21/28
 19962 | Lair:3   | Identified the ring of Qaivel {*Slow Str+5 Int+4 SInv}
 20743 | Lair:3   | Found a hole to the Spider Nest.
 21881 | Lair:4   | Found a hide-covered altar of Uskayaw.
 22065 | Lair:4   | Reached skill level 12 in Spellcasting
 22553 | Lair:4   | Acquired the ring of Tuypnul {rElec Will+ Int+6}
 22575 | Lair:4   | Reached skill level 10 in Earth Magic
 23335 | Lair:5   | Entered Level 5 of the Lair of Beasts
 23524 | Lair:4   | Reached XP level 14. HP: 75/98 MP: 0/30
 24346 | Lair:5   | Reached skill level 13 in Spellcasting
 24752 | D:10     | Entered Level 10 of the Dungeon
 24755 | D:10     | Noticed Erica
 25299 | D:10     | Killed Erica
 25718 | D:10     | Found a portal to a secret trove of treasure.
 26134 | D:10     | Bought a scroll of blinking for 75 gold pieces
 26134 | D:10     | Bought a scroll of teleportation for 30 gold pieces
 26134 | D:10     | Bought a scroll of fog for 40 gold pieces
 26134 | D:10     | Bought a scroll of poison for 40 gold pieces
 26134 | D:10     | Bought a scroll of enchant armour for 75 gold pieces
 26723 | D:11     | Identified the +1 arbalest of Royalism {penet, Dex+3}
 26919 | D:11     | Found a stormy altar of Qazlal.
 27348 | D:11     | Reached skill level 14 in Spellcasting
 28057 | D:12     | Noticed Snorg
 28060 | D:12     | Killed Snorg
 28244 | D:12     | Noticed Psyche
 28246 | D:12     | Killed Psyche
 28511 | D:12     | Learned a level 5 spell: Irradiate
 28540 | D:12     | Noticed Urug
 28549 | D:12     | Killed Urug
 28675 | D:12     | Identified the +4 rapier "Wewe" {heavy, rElec Str-4 SInv}
 29460 | D:13     | Acquired 769 gold pieces
 29490 | D:13     | Reached skill level 1 in Conjurations
 29560 | D:13     | Reached skill level 15 in Spellcasting
 29560 | D:13     | Reached skill level 10 in Ice Magic
 30504 | D:13     | Found a runed translucent gate.
 30815 | D:13     | Reached XP level 15. HP: 103/103 MP: 27/34
 31269 | D:13     | Reached skill level 16 in Spellcasting
 31523 | D:13     | Found a gate to the Vaults.
 31535 | D:13     | You fall into a shaft and drop 1 floor!
 31754 | D:14     | Noticed Frances
 31761 | D:14     | Killed Frances
 31948 | D:13     | Found a runed translucent gate.
 32286 | D:13     | Reached skill level 1 in Air Magic
 32472 | D:13     | Reached skill level 5 in Conjurations
 32566 | D:13     | Found a runed translucent gate.
 32567 | D:13     | Noticed Bybewuof's ghost (journeyman DjFE)
 34540 | D:15     | Entered Level 15 of the Dungeon
 34811 | D:15     | Found a staircase to the Depths.
 35255 | D:15     | Learned a level 6 spell: Plasma Beam
 36246 | Lair:5   | Reached skill level 17 in Spellcasting
 37639 | Lair:5   | Found a viscous altar of Jiyva.
 37639 | Lair:5   | Found a staircase to the Slime Pits.
 37926 | Lair:5   | Found a large runed translucent door.
 38010 | Lair:5   | Reached skill level 5 in Air Magic
 38256 | Lair:5   | Found a large runed translucent door.
 38863 | Shoals:1 | Entered Level 1 of the Shoals
 38969 | Shoals:1 | Reached XP level 16. HP: 109/109 MP: 24/37
 39709 | Shoals:1 | Noticed Nikola
 39719 | Shoals:1 | Killed Nikola
 41628 | Shoals:2 | Noticed Roxanne
 42844 | Shoals:2 | Reached skill level 10 in Fire Magic
 43195 | Shoals:2 | Found a runed translucent door.
 43201 | Shoals:2 | Found a corrupted altar of Lugonu.
 43201 | Shoals:2 | Found a one-way gate to the infinite horrors of the Abyss.
 43759 | Shoals:3 | Mangled by a faun

Illustrated notes

Levels and vault maps discovered:
D:1:      wander_arrival_estate, layout_basic
D:2:      layout_rooms, shapermc_ecumenical_altar_gd, kennysheep_generic_room_12
D:3:      layout_basic, gammafunk_temple_overflow_claw, uniq_grinder
D:4:      layout_basic, mainiacjoe_overflow_catwalk, uniq_eustachio,
          uniq_sigmund
D:5:      layout_basic, mainiacjoe_overflow_alcove_1, uniq_edmund
D:6:      layout_gridville, minmay_temple_entry_grid, wad_rectangle_vault,
          uniq_crazy_yiuf_cottage, uniq_blork_the_orc
D:7:      layout_gridville, kennysheep_small_spiral
D:8:      layout_basic, nicolae_dithmenos_through_a_glass_darkly,
          lair_entry_dummy, serial_shops, nicolae_diamond_shop,
          nicolae_kite_square_tiling_tiny, minmay_shop_grid_forest, uniq_grum
D:9:      layout_big_octagon, david_orc_3, serial_glass, glass_columns_a,
          glass_columns_b
D:10:     layout_loops_ring, enter_trove_0, serial_library_hellmonk_u_bend,
          uniq_erica
D:11:     layout_gridville, nicolae_qazlal_style_of_elements
D:12:     layout_rooms, minmay_sticks_and_stones, uniq_urug, uniq_snorg,
          uniq_psyche
D:13:     minmay_octo_star, layout_cave_pods, david_vaults_1,
          gammafunk_ghost_hydra_chop, beargit_elvish_explorers
D:14:     wad_lake_hut, layout_rooms, uniq_frances
D:15:     grunt_enter_depths_giant_problem, layout_basic, grunt_decor_resistance
Temple:   nicolae_temple_slightly_damp_pantheon
Lair:1:   layout_cave_pods, st_stairs_13, dreamdust_gnoll_shepherd
Lair:2:   layout_gridlike, elwin_shoals_entry_rocks, beast_lair_carwin_5,
          serial_bayou_shore_b, grunt_megastairs_3
Lair:3:   layout_long_grid, nicolae_spider_entry_orb_guardian,
          dreamdust_mushroom_princess
Lair:4:   layout_roguey, lemuel_oklob_altar
Lair:5:   cheibrodos_lair_end_hotspot, layout_gridlike,
          dpeg_slime_entry_enclosed
Shoals:1: nicolae_shoals_deep_elves_summer_vacation, layout_shoals, uniq_nikola
Shoals:2: layout_shoals, nicolae_shoals_abyss_on_the_beach, uniq_roxanne
Shoals:3: cheibrodos_shoals_satyrical_garden, layout_shoals, serial_shops, shop,
          nicolae_shoals_so_close
Orc:1:    layout_diamond_mine, serial_shops, nicolae_shop_peninsula,
          mines2_david
Orc:2:    st_orc_elflike, layout_caves, ebering_ghost_reflecting_pool,
          basic_altar, serial_shops, nicolae_shop_back_alley_shop

Skill      XL: |  1  2  3  4  5  6  7  8  9 10 11 12 13 14 15 16 |
---------------+-------------------------------------------------+-----
Spellcasting   | 3 4 5 6 8 10 11 12 15 17 | 17.1
Alchemy        | 3 4 5 6 8 |  8.0
Fighting       | 2 5 |  5.0
Evocations     | 5 |  5.7
Hexes          | 5 |  5.0
Fire Magic     | 4 5 7 10 | 10.0
Necromancy     | 1 6 8 |  8.0
Earth Magic    | 1 5 8 10 | 10.1
Ice Magic      | 5 7 10 | 10.1
Conjurations   | 3 5 |  5.0
Air Magic      | 5 7 |  7.0
Dodging        | |  1.5
Stealth        | |  1.5

Action                     |  1- 3 |  4- 6 |  7- 9 | 10-12 | 13-15 | 16-18 || total
---------------------------+-------+-------+-------+-------+-------+-------++-------
  Melee: Dagger            |    28 |    19 |    20 |    54 |       |       ||   121
         Unarmed           |     2 |       |       |       |       |       ||     2
         Staff             |       |       |       |    11 |    46 |    36 ||    93
   Cast: Sting             |    78 |    79 |   201 |   148 |    75 |       ||   581
         Mercury Vapours   |       |     2 |       |     1 |       |       ||     3
         Olgreb's Toxic Ra |       |     3 |    42 |   144 |    87 |     1 ||   277
         Mephitic Cloud    |       |       |     5 |    17 |     6 |       ||    28
         Sticky Flame      |       |       |     1 |    21 |    28 |       ||    50
         Borgnjor's Vile C |       |       |       |    59 |    57 |     1 ||   117
         Permafrost Erupti |       |       |       |       |   294 |   107 ||   401
         Irradiate         |       |       |       |       |    13 |    24 ||    37
         Plasma Beam       |       |       |       |       |     3 |    29 ||    32
 Invoke: Potion Petition   |       |       |       |     1 |     1 |     1 ||     3
         Call Merchant     |       |       |       |       |     2 |       ||     2
  Evoke: Wand              |       |       |       |     6 |       |       ||     6
    Use: Scroll            |       |       |     7 |     8 |    14 |       ||    29
   Stab: Paralysed         |       |       |       |     9 |       |       ||     9
         Distracted        |       |       |       |     1 |       |       ||     1
 Armour: Robe              |    50 |    30 |   106 |   149 |   196 |   155 ||   686
  Dodge: Dodged            |    42 |    29 |    80 |    85 |   100 |    64 ||   400

Table legend: (Time is in decaauts)
 A = Elapsed time spent in this place.
 B = Non-inter-level travel time spent in this place.
 C = Inter-level travel time spent in this place.
 D = Time resting spent in this place.
 E = Time spent auto-exploring this place.
 F = Levels seen in this place.
 G = Mean time per level.
                   A        B        C        D        E       F      G
               +--------+--------+--------+--------+--------+-----+--------+
         Total |  44096 |  41198 |   2898 |   4180 |  31267 |  26 | 1696.0 |
       Dungeon |  22492 |  20733 |   1759 |   1275 |  16562 |  15 | 1499.5 |
        Temple |     38 |      2 |     36 |      0 |      0 |   1 |   38.0 |
          Lair |  13925 |  13272 |    653 |   1825 |   9794 |   5 | 2785.0 |
        Shoals |   4607 |   4490 |    117 |    551 |   3263 |   3 | 1535.7 |
  Orcish Mines |   3033 |   2702 |    331 |    529 |   1647 |   2 | 1516.5 |
               +--------+--------+--------+--------+--------+-----+--------+

Top non-repeatable levels by time:
    D:13: 3581 daAuts
  Lair:5: 3506 daAuts
  Lair:2: 3471 daAuts
   Orc:2: 2596 daAuts
  Lair:1: 2553 daAuts
  Lair:4: 2390 daAuts
Shoals:1: 2364 daAuts
Shoals:2: 2022 daAuts
  Lair:3: 2003 daAuts
    D:11: 1947 daAuts
    D:14: 1727 daAuts
     D:8: 1695 daAuts
     D:4: 1526 daAuts
    D:10: 1497 daAuts
     D:9: 1434 daAuts
